AoeStats
← Trailblazeur

Arena

505246399Analyzed
2v2 RM · 24d ago on Sep 8, 2026· 41m 2s· 4 players
Game mode
Random Map
Map size
Medium (4 player)
Population
200
Speed
Normal
Resources
Standard
Victory
Conquest
Starting age
Dark Age
Ending age
Imperial Age
RankedLock teamsTeams togetherTeam positionsShared explorationLock speedFull tech treeHidden civsTurbo modeCheats
Victory
Defeat
🇪🇸 Franks · Spain
991
+15
🇩🇪 Bohemians · Germany
976
+16
🇩🇪 Turks · Germany
986
-16
🇩🇪 Franks · Germany
956
-41
Jary Mane
7:17 Loom
13:29 Feudal Age
19:04 Castle Age
16:58 Double-Bit Axe
16:55 Horse Collar
25:00 Forging
29:58 Bow Saw
30:57 Redemption
33:21 Scale Barding Armor
34:33 Heavy Plow
35:05 Bloodlines
43:11 Imperial Age
Trailblazeur
4:30 Loom
12:01 Feudal Age
12:28 Double-Bit Axe
18:15 Castle Age
16:12 Gold Mining
23:06 Gold Shaft Mining
23:17 Bow Saw
24:25 Stone Mining
25:05 Scale Barding Armor
32:13 Wheelbarrow
31:24 Town Watch
33:11 Forging
33:22 Chain Barding Armor
33:41 Hand Cart
36:24 Imperial Age
34:53 Fortified Wall
36:47 Cavalier
40:01 Chemistry
Pickle.Rick
12:06 Feudal Age
13:55 Loom
14:02 Double-Bit Axe
16:23 Castle Age
14:56 Horse Collar
18:34 Bow Saw
32:15 Wagenburg Tactics
34:20 Heavy Plow
36:05 Wheelbarrow
35:17 Town Watch
39:14 Imperial Age
38:58 Chemistry
38:51 Fletching
39:31 Houfnice
40:20 Siege Engineers
AMALARI
11:17 Feudal Age
11:48 Loom
16:55 Castle Age
16:22 Double-Bit Axe
17:56 Forging
18:23 Wheelbarrow
24:55 Husbandry
26:00 Gold Mining
27:06 Bow Saw
27:23 Scale Barding Armor
27:08 Town Watch
28:55 Iron Casting
28:46 Stone Mining
33:18 Imperial Age
32:03 Hand Cart
31:53 Fletching
33:14 Chain Barding Armor
33:02 Pikeman
33:43 Squires
33:46 Scale Mail Armor
33:50 Cavalier
35:48 #83
36:37 Conscription
38:26 Gold Shaft Mining
38:33 Arson
39:25 Chain Mail Armor
40:11 Blast Furnace
41:07 Plate Mail Armor
41:42 Plate Barding Armor
Connection lost

Rejoining the realm…

Still unreachable

The connection could not be restored.

Session expired

The server has moved on; the page needs a fresh start.